TOP OF THE 1ST |
Montgomery Grey Sox batting - Pitching for Beaverton Bronze Souls : RHP Juan García
|
Pitching: RHP Juan García
|
|
Batting: LHB Ron Young
|
0-0: Called Strike 0-1: Swinging Strike 0-2: Foul Ball, location: 2F 0-2: Ball 1-2: Reached on error, E6 (Groundball, 6M)
|
Batting: RHB Randall James
|
0-0: Ball Ron Young steals 2nd base 1-0: Ball 2-0: Called Strike 2-1: Ball 3-1: Base on Balls
|
Batting: RHB Marvin Kidd
|
0-0: Ball Ron Young steals 3rd base Randall James to second 1-0: Foul Ball, location: 2F 1-1: Ball 2-1: Ball 3-1: Called Strike 3-2: Foul Ball, location: 2F 3-2: SINGLE (Groundball, 4MD) Ron Young scores Randall James to third Runner from 3rd tries for Home, SAFE, no throw
|
Batting: RHB Pedro Castro
|
0-0: Ground out 5-3 (Groundball, 56S) Marvin Kidd to second
|
Batting: LHB José Castillo
|
0-0: Called Strike 0-1: Foul Ball, location: 2F 0-2: Strikes out looking
|
Batting: LHB Marcos Féliz
|
0-0: Called Strike 0-1: Foul Ball, location: 2F 0-2: Ground out 4-3 (Groundball, 4MS)
|
Top of the 1st over - 2 runs, 1 hit, 1 error, 1 left on base; Montgomery 2 - Beaverton 0 |
BOTTOM OF THE 1ST |
Beaverton Bronze Souls batting - Pitching for Montgomery Grey Sox : RHP Jorge Cherena
|
Pitching: RHP Jorge Cherena
|
|
Batting: RHB Armando García
|
0-0: Ball 1-0: Foul Ball, location: 2F 1-1: Called Strike 1-2: Foul Ball, location: 2F 1-2: Strikes out swinging
|
Batting: LHB Manuel Félix
|
0-0: Ball 1-0: Swinging Strike 1-1: Ball 2-1: Ball 3-1: Base on Balls
|
Batting: RHB Steve Smith
|
0-0: Ball 1-0: Called Strike 1-1: Called Strike 1-2: Ball 2-2: Ground out 6-3 (Groundball, 56D) Manuel Félix to second
|
Batting: LHB Chris White
|
0-0: Ball 1-0: Called Strike 1-1: DOUBLE (Groundball, 5L) Manuel Félix scores
|
Batting: SHB León Galló
|
0-0: SINGLE (Groundball, 56D) Chris White to third Runner from 3rd tries for Home, SAFE, no throw
|
Batting: RHB Nathan Smith
|
0-0: SINGLE (Groundball, 5D) León Galló to second
|
Batting: RHB Salvador Castro
|
0-0: SINGLE (Groundball, 34S) (infield hit) León Galló to third Nathan Smith to second
|
Batting: RHB Ricardo López
|
0-0: SINGLE (Line Drive, 7LS) León Galló scores Nathan Smith to third Salvador Castro to second Throwing error, E7 Nathan Smith scores Salvador Castro to third Ricardo López to second
|
Batting: SHB Teko de Bruin
|
0-0: Swinging Strike 0-1: Ground out U3 (Groundball, 34)
|
Bottom of the 1st over - 4 runs, 5 hits, 1 error, 2 left on base; Montgomery 2 - Beaverton 4 |
TOP OF THE 2ND |
Montgomery Grey Sox batting - Pitching for Beaverton Bronze Souls : RHP Juan García
|
Batting: RHB Dave McGuire
|
0-0: Ball 1-0: Swinging Strike 1-1: Ball 2-1: Ball 3-1: Foul Ball, location: 2F 3-2: Fly out, F7 (Flyball, 78M)
|
Batting: RHB Joe LaFontaine
|
0-0: Called Strike 0-1: Called Strike 0-2: Ball 1-2: Strikes out swinging
|
Batting: RHB Arturo Camacho
|
0-0: Ball 1-0: Foul Ball, location: 2F 1-1: Ball 2-1: Ball 3-1: Foul Ball, location: 2F 3-2: Strikes out swinging
|
Top of the 2nd over - 0 runs, 0 hits, 0 errors, 0 left on base; Montgomery 2 - Beaverton 4 |
BOTTOM OF THE 2ND |
Beaverton Bronze Souls batting - Pitching for Montgomery Grey Sox : RHP Jorge Cherena
|
Batting: RHB Armando García
|
0-0: Ball 1-0: Called Strike 1-1: Ball 2-1: Ball 3-1: Ground out 1-3 (Groundball, 13S)
|
Batting: LHB Manuel Félix
|
0-0: Ball 1-0: Foul Ball, location: 2F 1-1: Swinging Strike 1-2: SINGLE (Line Drive, 34)
|
Batting: RHB Steve Smith
|
0-0: Called Strike Manuel Félix steals 2nd base 0-1: Ball 1-1: Swinging Strike 1-2: Strikes out swinging
|
Batting: LHB Chris White
|
0-0: Ball 1-0: Foul Ball, location: 2F 1-1: Ball 2-1: 2-RUN HOME RUN (Flyball, 9D), Distance : 382 ft
|
Batting: SHB León Galló
|
0-0: Ground out 6-3 (Groundball, 6)
|
Bottom of the 2nd over - 2 runs, 2 hits, 0 errors, 0 left on base; Montgomery 2 - Beaverton 6 |
TOP OF THE 3RD |
Montgomery Grey Sox batting - Pitching for Beaverton Bronze Souls : RHP Juan García
|
Batting: LHB Ron Young
|
0-0: Called Strike 0-1: Ball 1-1: Ball 2-1: Ball 3-1: Called Strike 3-2: Base on Balls
|
Batting: RHB Randall James
|
0-0: Ball 1-0: Called Strike 1-1: Called Strike 1-2: Foul Ball, location: 2F 1-2: Strikes out swinging
|
Batting: RHB Marvin Kidd
|
0-0: Called Strike 0-1: Ball 1-1: Foul Ball, location: 2F 1-2: Ball Ron Young steals 2nd base 2-2: Ball 3-2: Base on Balls
|
Batting: RHB Pedro Castro
|
0-0: Ball 1-0: Called Strike 1-1: Swinging Strike 1-2: Strikes out swinging
|
Batting: LHB José Castillo
|
0-0: Ball 1-0: Ball 2-0: Ball 3-0: Called Strike 3-1: Swinging Strike 3-2: Foul Ball, location: 2F 3-2: Strikes out swinging
|
Top of the 3rd over - 0 runs, 0 hits, 0 errors, 2 left on base; Montgomery 2 - Beaverton 6 |
BOTTOM OF THE 3RD |
Beaverton Bronze Souls batting - Pitching for Montgomery Grey Sox : RHP Jorge Cherena
|
Batting: RHB Nathan Smith
|
0-0: Ball 1-0: Ground out U3 (Groundball, 23)
|
Batting: RHB Salvador Castro
|
0-0: Ball 1-0: Ball 2-0: Called Strike 2-1: Called Strike 2-2: Fly out, F8 (Flyball, 8RD)
|
Batting: RHB Ricardo López
|
0-0: Swinging Strike 0-1: Swinging Strike 0-2: Ball 1-2: Ground out U3 (Groundball, 3)
|
Bottom of the 3rd over - 0 runs, 0 hits, 0 errors, 0 left on base; Montgomery 2 - Beaverton 6 |
TOP OF THE 4TH |
Montgomery Grey Sox batting - Pitching for Beaverton Bronze Souls : RHP Juan García
|
Batting: LHB Marcos Féliz
|
0-0: Foul Ball, location: 2F 0-1: Ball 1-1: Fly out, F8 (Flyball, 8LD)
|
Batting: RHB Dave McGuire
|
0-0: Called Strike 0-1: Foul Ball, location: 2F 0-2: Fly out, F9 (Line Drive, 89M)
|
Batting: RHB Joe LaFontaine
|
0-0: Ball 1-0: Ball 2-0: Ball 3-0: Base on Balls
|
Batting: RHB Arturo Camacho
|
0-0: Called Strike 0-1: Foul Ball, location: 2F 0-2: Ball 1-2: Fielders Choice at 2nd, 6-4 (Groundball, 6)
|
Top of the 4th over - 0 runs, 0 hits, 0 errors, 1 left on base; Montgomery 2 - Beaverton 6 |
BOTTOM OF THE 4TH |
Beaverton Bronze Souls batting - Pitching for Montgomery Grey Sox : RHP Jorge Cherena
|
Batting: SHB Teko de Bruin
|
0-0: Ball 1-0: Called Strike 1-1: Swinging Strike 1-2: Foul Ball, location: 2F 1-2: Ball 2-2: Ball 3-2: Foul Ball, location: 2F 3-2: Strikes out swinging
|
Batting: RHB Armando García
|
0-0: SINGLE (Line Drive, 6)
|
Pitching: LHP Michael Dyer
|
|
Batting: LHB Manuel Félix
|
0-0: Grounds into double play, 5-4-3 (Groundball, 5)
|
Bottom of the 4th over - 0 runs, 1 hit, 0 errors, 0 left on base; Montgomery 2 - Beaverton 6 |
TOP OF THE 5TH |
Montgomery Grey Sox batting - Pitching for Beaverton Bronze Souls : RHP Juan García
|
Batting: LHB Ron Young
|
0-0: Ball 1-0: Called Strike 1-1: DOUBLE (Line Drive, 9LM)
|
Batting: RHB Randall James
|
0-0: Swinging Strike 0-1: Called Strike 0-2: Foul Ball, location: 2F 0-2: Strikes out looking
|
Batting: RHB Marvin Kidd
|
0-0: Swinging Strike 0-1: Swinging Strike 0-2: Ball 1-2: Ball 2-2: Ball 3-2: Foul Ball, location: 2F 3-2: Strikes out swinging
|
Batting: RHB Pedro Castro
|
0-0: Fly out, F9 (Flyball, 9D)
|
Top of the 5th over - 0 runs, 1 hit, 0 errors, 1 left on base; Montgomery 2 - Beaverton 6 |
BOTTOM OF THE 5TH |
Beaverton Bronze Souls batting - Pitching for Montgomery Grey Sox : LHP Michael Dyer
|
Batting: RHB Steve Smith
|
0-0: Ground out 6-3 (Groundball, 6)
|
Batting: LHB Chris White
|
0-0: Ball 1-0: Called Strike 1-1: Ball 2-1: Ball 3-1: Foul Ball, location: 2F 3-2: Ground out U3 (Groundball, 34)
|
Batting: SHB León Galló
|
0-0: Ball 1-0: Ball 2-0: Ball 3-0: Called Strike 3-1: SINGLE (Groundball, 25) (infield hit)
|
Batting: RHB Nathan Smith
|
0-0: Swinging Strike 0-1: Ball León Galló steals 2nd base 1-1: Ground out 4-3 (Groundball, 4M)
|
Bottom of the 5th over - 0 runs, 1 hit, 0 errors, 1 left on base; Montgomery 2 - Beaverton 6 |
TOP OF THE 6TH |
Montgomery Grey Sox batting - Pitching for Beaverton Bronze Souls : RHP Juan García
|
Pitching: LHP Lúcio López
|
|
Batting: LHB José Castillo
|
0-0: Ball 1-0: Ball 2-0: SINGLE (Groundball, 4) (infield hit)
|
Batting: LHB Marcos Féliz
|
0-0: Called Strike 0-1: Called Strike 0-2: Ball 1-2: SINGLE (Groundball, 6MD) José Castillo to second
|
Batting: RHB Dave McGuire
|
0-0: Called Strike 0-1: Called Strike 0-2: Foul Ball, location: 2F 0-2: Foul Ball, location: 2F 0-2: Ball 1-2: Fly out, F7 (Flyball, 7S)
|
Batting: RHB Joe LaFontaine
|
0-0: Fielders Choice at 2nd, 6-4 (Groundball, 6) José Castillo to third
|
Batting: RHB Arturo Camacho
|
0-0: Ball 1-0: Ball 2-0: Foul Ball, location: 2F 2-1: Called Strike 2-2: Strikes out swinging
|
Top of the 6th over - 0 runs, 2 hits, 0 errors, 2 left on base; Montgomery 2 - Beaverton 6 |
BOTTOM OF THE 6TH |
Beaverton Bronze Souls batting - Pitching for Montgomery Grey Sox : LHP Michael Dyer
|
Batting: RHB Salvador Castro
|
0-0: Called Strike 0-1: Called Strike 0-2: Ball 1-2: Strikes out swinging
|
Batting: RHB Ricardo López
|
0-0: Swinging Strike 0-1: Swinging Strike 0-2: Strikes out swinging
|
Batting: SHB Teko de Bruin
|
0-0: Foul Ball, location: 2F 0-1: Swinging Strike 0-2: Ball 1-2: Strikes out swinging
|
Bottom of the 6th over - 0 runs, 0 hits, 0 errors, 0 left on base; Montgomery 2 - Beaverton 6 |
TOP OF THE 7TH |
Montgomery Grey Sox batting - Pitching for Beaverton Bronze Souls : LHP Lúcio López
|
Batting: LHB Ron Young
|
0-0: Called Strike 0-1: Ball 1-1: Called Strike 1-2: SINGLE (Line Drive, 4MD)
|
Batting: RHB Randall James
|
Pickoff Throw to First - Error! E1 Ron Young to second 0-0: Foul Ball, location: 2F 0-1: Swinging Strike 0-2: Ball 1-2: Foul Ball, location: 2F 1-2: SINGLE (Line Drive, 56D) Ron Young to third Runner from 3rd tries for Home, SAFE, no throw
|
Batting: RHB Marvin Kidd
|
0-0: Ball 1-0: Ball 2-0: SINGLE (Flyball, 8RS) Randall James to second
|
Batting: RHB Pedro Castro
|
0-0: Called Strike 0-1: Ball 1-1: DOUBLE (Line Drive, 78S) Randall James scores Marvin Kidd to third
|
Pitching: LHP Martin Martin
|
|
Pinch Runner at 2nd Greg Williams:
|
|
Batting: LHB José Castillo
|
0-0: Fly out, F6 (Line Drive, 6) Lined into DP, 6-4 (Line Drive, 6)
|
Batting: LHB Marcos Féliz
|
0-0: Ground out 5-3 (Groundball, 5)
|
Top of the 7th over - 2 runs, 4 hits, 1 error, 1 left on base; Montgomery 4 - Beaverton 6 |
BOTTOM OF THE 7TH |
Beaverton Bronze Souls batting - Pitching for Montgomery Grey Sox : LHP Michael Dyer
|
Now at C: Greg Williams
|
|
Batting: RHB Armando García
|
0-0: Ball 1-0: SINGLE (Line Drive, 34D)
|
Batting: LHB Manuel Félix
|
0-0: Ball 1-0: Fly out, F4 (Popup, 4MD)
|
Batting: RHB Steve Smith
|
0-0: Ball 1-0: Swinging Strike 1-1: Swinging Strike 1-2: Ball Wild Pitch! Armando García to second 2-2: Ball 3-2: SINGLE (Groundball, 6MD) Armando García to third Runner from 3rd tries for Home, throw and OUT! Steve Smith to second
|
Batting: LHB Chris White
|
0-0: Called Strike 0-1: Fly out, F8 (Flyball, 8RXD)
|
Bottom of the 7th over - 0 runs, 2 hits, 0 errors, 1 left on base; Montgomery 4 - Beaverton 6 |
TOP OF THE 8TH |
Montgomery Grey Sox batting - Pitching for Beaverton Bronze Souls : LHP Martin Martin
|
Batting: RHB Dave McGuire
|
0-0: SINGLE (Groundball, 34D)
|
Batting: RHB Joe LaFontaine
|
0-0: Ball 1-0: Ball 2-0: Swinging Strike 2-1: Foul Ball, location: 2F 2-2: Strikes out looking
|
Batting: RHB Arturo Camacho
|
0-0: Foul Ball, location: 2F 0-1: Ball 1-1: Hit by Pitch Dave McGuire to second
|
Pinch Hitting: RHB Andrew Lewis
|
0-0: Ball 1-0: Fly out, F5 (Popup, 25F)
|
Batting: RHB Randall James
|
0-0: Foul Ball, location: 2F 0-1: Foul Ball, location: 2F 0-2: Strikes out swinging
|
Top of the 8th over - 0 runs, 1 hit, 0 errors, 2 left on base; Montgomery 4 - Beaverton 6 |
BOTTOM OF THE 8TH |
Beaverton Bronze Souls batting - Pitching for Montgomery Grey Sox : LHP Michael Dyer
|
Now at 3B: Andrew Lewis
|
|
Batting: SHB León Galló
|
0-0: Swinging Strike 0-1: Foul Ball, location: 2F 0-2: Ball 1-2: Foul Ball, location: 2F 1-2: SINGLE (Groundball, P) (infield hit)
|
Batting: RHB Nathan Smith
|
0-0: Ball 1-0: Sac Bunt - play at first, batter OUT! 1-4 León Galló to second
|
Batting: RHB Salvador Castro
|
0-0: Intentional Walk
|
Batting: RHB Ricardo López
|
0-0: Ball 1-0: SINGLE (Flyball, 78M) León Galló to third Salvador Castro to second
|
Batting: SHB Teko de Bruin
|
0-0: Ball 1-0: Fly out, F8 (Flyball, 8RD) Runner from 3rd tags up, SCORES, throw made
|
Batting: RHB Armando García
|
0-0: Foul Ball, location: 2F 0-1: Ball 1-1: Fly out, F7 (Flyball, 7S)
|
Bottom of the 8th over - 1 run, 2 hits, 0 errors, 2 left on base; Montgomery 4 - Beaverton 7 |
TOP OF THE 9TH |
Montgomery Grey Sox batting - Pitching for Beaverton Bronze Souls : LHP Martin Martin
|
Batting: RHB Marvin Kidd
|
0-0: Ball 1-0: Ball 2-0: Ball 3-0: Base on Balls
|
Batting: RHB Greg Williams
|
0-0: Foul Ball, location: 2F 0-1: Ball 1-1: Foul Ball, location: 2F 1-2: Foul Ball, location: 2F 1-2: Ball 2-2: Strikes out looking
|
Batting: LHB José Castillo
|
0-0: Ball 1-0: Ball 2-0: SINGLE (Groundball, 23) (infield hit) Marvin Kidd to second
|
Pinch Hitting: RHB Jorge Guzmán
|
0-0: Called Strike 0-1: DOUBLE (Flyball, 89D) Marvin Kidd scores José Castillo to third
|
Batting: RHB Dave McGuire
|
0-0: Ball 1-0: Ball 2-0: Ball 3-0: Called Strike 3-1: Called Strike 3-2: Foul Ball, location: 2F 3-2: Base on Balls
|
Batting: RHB Joe LaFontaine
|
0-0: DOUBLE (Line Drive, 7LM) José Castillo scores Jorge Guzmán scores Dave McGuire to third Runner from 3rd tries for Home, SAFE, no throw
|
Pitching: RHP Vicente Guillén
|
|
Pinch Hitting: LHB Juan Sánchez
|
0-0: Called Strike 0-1: Called Strike 0-2: Strikes out looking
|
Batting: RHB Andrew Lewis
|
0-0: Swinging Strike 0-1: Ball 1-1: Foul Ball, location: 2F 1-2: Foul Ball, location: 2F 1-2: Strikes out swinging
|
Top of the 9th over - 4 runs, 3 hits, 0 errors, 1 left on base; Montgomery 8 - Beaverton 7 |
BOTTOM OF THE 9TH |
Beaverton Bronze Souls batting - Pitching for Montgomery Grey Sox : LHP Michael Dyer
|
Pitching: LHP Mike Waller
|
|
Now at SS: António Nevárez
|
|
Now in RF: Jorge Guzmán
|
|
Pinch Hitting: RHB Ed Fuhrman
|
0-0: Foul Ball, location: 2F 0-1: Swinging Strike 0-2: Ball 1-2: Ball 2-2: Foul Ball, location: 2F 2-2: Foul Ball, location: 2F 2-2: Hit by Pitch
|
Pinch Runner at 1st Jonathan Belisle:
|
|
Batting: RHB Steve Smith
|
0-0: Ball 1-0: Ball 2-0: Ball 3-0: Called Strike 3-1: Fly out, F4 (Line Drive, 4M)
|
Pinch Hitting: RHB Jeff Byford
|
0-0: Ball 1-0: Ball 2-0: SINGLE (Flyball, 9S) Jonathan Belisle to second Runner from 2nd tries for 3rd, SAFE, no throw
|
Pinch Hitting: RHB Marshall Gross
|
0-0: Ball 1-0: Ball 2-0: Called Strike 2-1: Foul Ball, location: 2F 2-2: Ball 3-2: SINGLE (Flyball, 78S) Jonathan Belisle scores Jeff Byford to second
|
Batting: RHB Nathan Smith
|
0-0: Foul Ball, location: 2F 0-1: Called Strike 0-2: Strikes out looking
|
Batting: RHB Salvador Castro
|
0-0: Called Strike 0-1: Foul Ball, location: 2F 0-2: Ball 1-2: Foul Ball, location: 2F 1-2: Ball 2-2: SINGLE (Groundball, 6) (infield hit) Jeff Byford to third Marshall Gross to second
|
Batting: RHB Ricardo López
|
0-0: Ball 1-0: Ball 2-0: Foul Ball, location: 2F 2-1: Foul Ball, location: 2F 2-2: Ground out 5-3 (Groundball, 56)
|
Bottom of the 9th over - 1 run, 3 hits, 0 errors, 3 left on base; Montgomery 8 - Beaverton 8 |
TOP OF THE 10TH |
Montgomery Grey Sox batting - Pitching for Beaverton Bronze Souls : RHP Vicente Guillén
|
Now at 1B: Jeff Byford
|
|
Now in LF: Marshall Gross
|
|
Now in CF: Jonathan Belisle
|
|
Batting: RHB Randall James
|
0-0: Called Strike 0-1: Ground out 4-3 (Groundball, 4)
|
Batting: RHB Marvin Kidd
|
0-0: Ball 1-0: Ground out 5-3 (Groundball, 56S)
|
Batting: RHB Greg Williams
|
0-0: Foul Ball, location: 2F 0-1: Foul Ball, location: 2F 0-2: Strikes out swinging
|
Top of the 10th over - 0 runs, 0 hits, 0 errors, 0 left on base; Montgomery 8 - Beaverton 8 |
BOTTOM OF THE 10TH |
Beaverton Bronze Souls batting - Pitching for Montgomery Grey Sox : LHP Mike Waller
|
Pitching: LHP Jared Steele
|
|
Batting: SHB Teko de Bruin
|
0-0: DOUBLE (Line Drive, 7LM)
|
Batting: RHB Armando García
|
0-0: Intentional Walk
|
Pinch Hitting: RHB Vernon Harris
|
0-0: Swinging Strike 0-1: Called Strike 0-2: Ball 1-2: Ball 2-2: SINGLE (Line Drive, 78S) Teko de Bruin to third Armando García to second
|
Batting: RHB Steve Smith
|
0-0: Swinging Strike 0-1: Ball 1-1: Ball 2-1: Swinging Strike 2-2: Foul Ball, location: 2F 2-2: Ball 3-2: SINGLE (Groundball, 6MD) Teko de Bruin scores
|
Saturday, April 7th, 2018 - OOTP Baseball 18.8 Build 76
|
|